Match 27796509
Unlisted

Match 27796509
End
Construct Section Command Post
Infantry Section
Dingo Light Scout Car
Selects Heavy Armor Battlegroup
Infantry Section
Infantry Section
Vickers Machine Gun Team
Construct Platoon Command Post
Royal Engineer Section
Selects Rigorous Vehicle Training
Selects Rigorous Vehicle Training
6-pounder Anti-tank Gun Team
Infantry Section
Grenade Package
Selects Crusader AA Medium Tank
Crusader AA Medium Tank
Royal Engineer Section
Royal Engineer Section
Selects UNKNOWN (2162094)
ML 3-inch Mortar Team
Construct Company Command Post
Selects Light Vehicle Withdraw and Refit
Selects Forward Repair Assembly
DragonNeko
Elegant_Downfall
aSIISymbiosis
InSaNiedi
0
0

Comments sign in to comment!

No comments posted yet!